 Dungeon Sprint DCSS version 0.19.5 (webtiles) character file.

422 Mesmaeker13 the Grappler (level 6, -1/71 HPs)
             Began as a Troll Berserker on Apr 4, 2017.
             Was a Believer of Trog.
             Slain by Sonja
             ... wielding a +2 short sword of distortion
              (5 damage)
             ... in the Dungeon (Sprint I: "Red Sonja").
             The game lasted 00:01:24 (203 turns).

Mesmaeker13 the Grappler (Troll Berserker)           Turns: 203, Time: 00:01:25

Health: -1/71      AC:  5    Str: 27    XL:     6   Next: 63%
Magic:  5/5        EV: 13    Int:  3    God:    Trog [**....]
Gold:   315        SH:  0    Dex: 10    Spells: 0 memorised, 5 levels left

rFire  . . .     SeeInvis .       - Unarmed
rCold  . . .     Gourm    +     a - +0 animal skin
rNeg   . . .     Faith    .     (no shield)
rPois  .         Spirit   .     (helmet restricted)
rElec  .         Reflect  .     (no cloak)
rCorr  .         Harm     .     (gloves unavailable)
MR     ++...     NoTele   +     (boots unavailable)
Stlth  +.........               (no amulet)
                                (no ring)
                                (no ring)

@: lethally poisoned (-1 -> -1), regenerating, slowed, very slow
A: unfitting armour, claws 3, fast metabolism 3, gourmand, regeneration 1,
shaggy fur 1, tough skin 2
a: Berserk, Trog's Hand, Burn Spellbooks, Renounce Religion


You were in the Dungeon.
You worshipped Trog.
Trog was pleased with you.
You were very full.

You visited 1 branch You collected 315 gold pieces.

Inventory:

Armour
 a - a +0 animal skin (worn)
Wands
 j - a wand of lightning (4/15)
Scrolls
 h - a scroll of blinking
Potions
 d - a potion of heal wounds
 e - a potion of haste
 f - 2 potions of magic
 g - a potion of berserk rage
Comestibles
 b - 2 bread rations
 i - 5 chunks of flesh


   Skills:
 + Level 7.4 Fighting
 + Level 7.4 Dodging
 + Level 8.8 Unarmed Combat


You had 5 spell levels left.
You didn't know any spells.

Dungeon Overview and Level Annotations

Branches:
Dungeon (1/1)

Altars:
Cheibriados
Dithmenos
Elyvilon
Fedhas
Gozag
Hepliaklqana
Kikubaaqudgha
Nemelex Xobeh
Okawaru
Qazlal
Ru
Sif Muna
Trog
Uskayaw
Vehumet
Yredelemnul
Zin
The Shining One

Shops:
D }

Annotations:
D Sonja


Innate Abilities, Weirdness & Mutations

You are too large for most types of armour.
You have claws for hands.
Your metabolism is lightning-fast.
You like to eat raw meat.
Your natural rate of healing is unusually fast.
You are covered in fur. (AC +1)
You have very tough skin. (AC +2)


Message History

You feel sick.
Sonja unwields an uncursed enchanted blowgun.
Sonja wields an uncursed short sword of distortion.
Its appearance distorts for a moment.
Sonja hits you with an uncursed short sword of distortion!
Space bends around you. Sonja hits you but does no damage.
Space warps horribly around you!
* * * LOW HITPOINT WARNING * * *
Sonja hits you with an uncursed short sword of distortion.
* * * LOW HITPOINT WARNING * * *
Space bends around you.
* * * LOW HITPOINT WARNING * * *
The centaur warrior shoots an arrow.
The arrow barely misses you.
You feel sick.
Sonja hits you with an uncursed short sword of distortion.
* * * LOW HITPOINT WARNING * * *
Space bends around you.
* * * LOW HITPOINT WARNING * * *
Sonja hits you but does no damage. Space warps horribly around you!
You die...

################
#<.#..').#..'..#
#..'[.#..').#..+
#..#####'#####'#
#..####..#...#.# ##§
#..#__####..##.#≈§§§
#..#_____##'#(.'cc≈§
#⌠⌠#_.∩...'.K(_#
####_..__##_@#(#
#_____###'#.#
####### #.### $.$
$.$ ##.## #+#


You could see 2 centaur warriors and Sonja.

Vanquished Creatures
  Sigmund (D)
  A yak (D)
  An ogre (D)
  A jelly (D)
  Ijyb (D)
5 creatures vanquished.

Vanquished Creatures (others)
  A gargoyle (D)
1 creature vanquished.

Grand Total: 6 creatures vanquished

Notes
Turn   | Place    | Note
-------+----------+-------------------------------------------
     0 | D        | Mesmaeker13 the Troll Berserker began the quest for the Orb.
     0 | D        | Reached XP level 1. HP: 22/22 MP: 0/0
     1 | D        | Noticed Ijyb
    10 | D        | Killed Ijyb
    10 | D        | Reached skill level 4 in Unarmed Combat
    10 | D        | Reached XP level 2. HP: 32/32 MP: 1/1
    15 | D        | Noticed an ogre
    19 | D        | Killed an ogre
    19 | D        | Reached skill level 5 in Fighting
    19 | D        | Reached skill level 5 in Dodging
    19 | D        | Reached skill level 6 in Unarmed Combat
    19 | D        | Reached XP level 3. HP: 19/42 MP: 2/2
    19 | D        | Reached XP level 4. HP: 23/50 MP: 3/3
    74 | D        | Noticed Sigmund
    81 | D        | Killed Sigmund
    81 | D        | Reached ** piety under Trog
    81 | D        | Reached skill level 7 in Unarmed Combat
    81 | D        | Reached XP level 5. HP: 61/61 MP: 4/4
   127 | D        | Found a deep blue altar of Sif Muna.
   129 | D        | Found a radiant altar of Vehumet.
   133 | D        | Reached XP level 6. HP: 68/68 MP: 5/5
   158 | D        | Found Siubb's Gadget Emporium.
   158 | D        | Found an ancient bone altar of Kikubaaqudgha.
   158 | D        | Found a hazy altar of Hepliaklqana.
   158 | D        | Found a stormy altar of Qazlal.
   158 | D        | Found a hide-covered altar of Uskayaw.
   158 | D        | Found a blossoming altar of Fedhas.
   158 | D        | Found a bloodstained altar of Trog.
   158 | D        | Found an iron altar of Okawaru.
   158 | D        | Found a basalt altar of Yredelemnul.
   158 | D        | Found a glowing golden altar of the Shining One.
   158 | D        | Found a snail-covered altar of Cheibriados.
   158 | D        | Found a sacrificial altar of Ru.
   158 | D        | Found a glowing silver altar of Zin.
   158 | D        | Found a shadowy altar of Dithmenos.
   158 | D        | Found a white marble altar of Elyvilon.
   158 | D        | Noticed a yak
   159 | D        | Found an opulent altar of Gozag.
   164 | D        | Killed a yak
   164 | D        | Reached skill level 8 in Unarmed Combat
   165 | D        | Found a sparkling altar of Nemelex Xobeh.
   194 | D        | Noticed Sonja
   197 | D        | Killed a gargoyle
   202 | D        | Noticed a centaur warrior
   202 | D        | Noticed a centaur warrior
   203 | D        | Slain by Sonja

Skill      XL: |  1  2  3  4  5  6 |
---------------+-------------------+-----
Fighting       | 3 5 6 7 |  7.4
Dodging        | 3 5 6 7 |  7.4
Unarmed Combat | 4 6 7 8 |  8.8

Action                   |  1- 3 |  4- 6 || total
-------------------------+-------+-------++-------
Melee: Unarmed           |    11 |    10 ||    21
       Punch             |     1 |       ||     1
Invok: Berserk           |       |     1 ||     1
       Trog's Hand       |       |     1 ||     1
Evoke: Wand              |       |     1 ||     1
  Use: Potion            |       |     1 ||     1
 Stab: Sleeping          |       |     1 ||     1
  Eat: Chunk             |       |     8 ||     8
Armor: Animal skin       |     4 |     2 ||     6
Dodge: Dodged            |     3 |     6 ||     9
